 Dungeon Crawl Stone Soup version 0.27-a0-1196-g3e9cee4cb2 (webtiles) character file.

Game seed: 17841670502635436628

20131 freelancePsychic the Cleaver (level 12, -9/107 HPs)
             Began as a Palentonga Abyssal Knight on May 29, 2021.
             Was an Elder of Lugonu.
             Mangled by a bog body (23 damage)
             ... on level 2 of the Lair of Beasts.
             The game lasted 00:39:05 (18218 turns).

freelancePsychic the Cleaver (PaAK)                Turns: 18218, Time: 00:39:05

Health: -9/107     AC: 23    Str: 20    XL:     12   Next: 42%
Magic:  15/19      EV:  7    Int: 13    God:    Lugonu [****..]
Gold:   7          SH:  5    Dex: 10    Spells: 11/11 levels left

rFire    . . .     SeeInvis +   b - +4 battleaxe
rCold    . . .     Faith    .   (shield currently unavailable)
rNeg     . . .     Spirit   .   y - +1 troll leather armour
rPois    .         Reflect  +   (no helmet)
rElec    .         Harm     .   F - +0 cloak
rCorr    .         Rampage  .   (no gloves)
Will     +....                  J - +3 barding {Stlth+}
Stlth    ++........             i - amulet of reflection
HPRegen  1.27/turn              q - +4 ring of slaying
MPRegen  0.16/turn              r - ring of willpower

@: lethally poisoned (-9 -> -9), curled up
A: large, rugged brown scales 3, see invisible, deformed body, roll 1, armoured
tail, reflexive curl
a: Rolling Charge, Renounce Religion, Depart the Abyss, Bend Space, Banish,
Corrupt


You were on level 2 of the Lair of Beasts.
You worshipped Lugonu.
Lugonu was greatly pleased with you.
You visited 2 branches of the dungeon, and saw 14 of its levels.
You visited the Abyss 1 time.

You collected 787 gold pieces.
You spent 780 gold pieces at shops.

Inventory:

Hand Weapons
 a - the +8 whip "Snakebite" {curare, rPois}
   (You found it on level 1 of the Lair of Beasts)

   It poisons the flesh of those it strikes.
   It protects you from poison.
 b - a +4 battleaxe (weapon)
Missiles
 A - a throwing net
 D - 5 atropa-tipped darts
Armour
 d - a +0 buckler
 v - a +0 chain mail
 y - a +1 troll leather armour (worn)
 F - a +0 cloak (worn)
 J - a +3 barding of stealth (worn)
Jewellery
 h - a ring of magical power
 i - an amulet of reflection (around neck)
 q - a +4 ring of slaying (left hand)
 r - a ring of willpower (right hand)
 G - a ring of positive energy
Wands
 u - a wand of iceblast (15)
 w - a wand of charming (5)
 C - a wand of acid (18)
 E - a wand of mindburst (19)
Scrolls
 c - 5 scrolls of amnesia
 f - a scroll of fog
 g - 3 scrolls of teleportation {@r4}
 l - a scroll of magic mapping
 I - 2 scrolls of fear
Potions
 e - 2 potions of brilliance
 j - 2 potions of curing {@q1}
 k - a potion of berserk rage {unknown}
 m - a potion of attraction {unknown}
 n - a potion of heal wounds {unknown}
 o - 2 potions of lignification
 p - a potion of invisibility
 s - 2 potions of magic
 t - a potion of resistance {unknown}
 x - a potion of mutation {unknown}
 z - 2 potions of might {unknown}
 H - a potion of flight {unknown}


   Skills:
 + Level 11.4 Fighting
 * Level 13.6 Axes
 - Level 5.5 Armour
 - Level 0.7 Dodging
 - Level 10.0 Invocations


You had 11 spell levels left.
You didn't know any spells.
Your spell library contained the following spells:

 Spells                   Type           Power      Damage    Failure   Level
 Corona                   Hex            0%         N/A       34%         1
 Freeze                   Ice            0%         1d3       34%         1
 Summon Small Mammal      Summ           0%         N/A       34%         1
 Call Imp                 Summ           0%         N/A       47%         2
 Ensorcelled Hibernation  Hex/Ice        0%         N/A       47%         2
 Poisonous Vapours        Pois/Air       0%         N/A       47%         2
 Call Canine Familiar     Summ           0%         N/A       71%         3
 Confusing Touch          Hex            0%         N/A       71%         3
 Conjure Flame            Conj/Fire      0%         6-21      71%         3
 Dazzling Flash           Conj/Hex       0%         N/A       71%         3
 Frozen Ramparts          Ice            0%         1d2       71%         3
 Gell's Gravitas          Tloc           0%         N/A       71%         3
 Mephitic Cloud           Conj/Pois/Air  0%         N/A       71%         3
 Ozocubu's Armour         Ice            0%         N/A       71%         3
 Summon Guardian Golem    Hex/Summ       0%         N/A       71%         3
 Tukima's Dance           Hex            0%         N/A       71%         3
 Hailstorm                Conj/Ice       0%         3d3       98%         4
 Petrify                  Tmut/Erth      0%         N/A       98%         4
 Summon Ice Beast         Ice/Summ       0%         N/A       98%         4
 Summon Lightning Spire   Summ/Air       0%         N/A       98%         4
 Metabolic Englaciation   Hex/Ice        0%         N/A       100%        5
 Yara's Violent Unravell  Hex/Tmut       0%         3d3       100%        5
 Freezing Cloud           Conj/Ice/Air   0%         6-21      100%        6


Dungeon Overview and Level Annotations

Branches:
Dungeon (12/15)            Temple (0/1) D:4            Lair (2/6) D:8
  Swamp (0/4) Lair:2
  Snake: Lair:2-4    Spider: Lair:2-4       Orc: D:9-12

Altars:
Ashenzari
Makhleb
Nemelex Xobeh
Ru
Sif Muna
Yredelemnul

Shops:
D:2 ?   D:4 *   D:9 ?

Annotations:
D:12 Snorg


Innate Abilities, Weirdness & Mutations

You are completely covered in rugged brown scales. (AC +3, +7% HP)
You have supernaturally acute eyesight. (SInv)
Armour fits poorly on your strangely shaped body.
You can roll at nearby foes to attack.
You have a long armoured tail.
You curl defensively after being hit.


Message History

You feel very sick. The cane toad closely misses you.
You closely miss the cane toad.
The cane toad is heavily wounded.
You feel very sick. The cane toad barely misses you.
You slash the cane toad!
The cane toad is almost dead.
You hit the bog body.
You feel very sick. The cane toad stings you! The bog body closely misses you.
The cane toad barely misses you.
You barely miss the cane toad.
The cane toad is almost dead.
You barely miss the bog body.
You feel sick. You block the bog body's attack.
The cane toad barely misses you.
You slash the cane toad!
You kill the cane toad!
Lugonu accepts your kill.
You barely miss the bog body.
You feel sick. The bog body touches you. The bog body freezes you!
Training target 5.5 for Armour reached!
You slash the bog body!
The bog body is moderately damaged.
You feel sick. The bog body casts a spell at you. The bolt of cold hits you!
You slash the bog body!
The bog body is heavily damaged.
You feel sick. You block the bog body's attack.
You barely miss the bog body.
The bog body is heavily damaged.
You feel sick. The bog body touches you! The bog body freezes you!!
* * * LOW HITPOINT WARNING * * *
Press: ? - help, Shift-Dir - straight line, f - bog body
Aim: a bog body (heavily damaged, chance to affect: 74%)
The bog body struggles to resist.
You feel sick. The bog body touches you.
* * * LOW HITPOINT WARNING * * *
The bog body freezes you!!
You die...

##.....#.# #
P......## #
##........ .
#...#... #....#
###.<..##
###...#P..##
#...†###.†.#
#...n@...†.#
..................
≈≈..#...##....####
§§♣.##..#...#.# §
≈ ######..## ..#
..P ....


You could see a bog body.

Vanquished Creatures
  3 two-headed ogres
  Urug (Lair:1)
  Maurice (D:11)
  Joseph (D:9)
  A black mamba (Lair:1)
  6 cane toads
  A kobold demonologist (D:10)
  A rime drake (Lair:2)
  4 komodo dragons
  4 trolls
  5 blink frogs (Lair:1)
  A wyvern (D:9)
  A basilisk (D:8)
  13 yaks
  4 vampire mosquitoes (D:11)
  A basilisk (shapeshifter) (D:11)
  A steam dragon (D:9)
  2 acid dragons
  11 water moccasins (Lair:1)
  An orc warrior (D:7)
  An ice beast (D:6)
  4 black bears
  An ogre (D:6)
  2 necrophages
  8 centaurs
  A kobold brigand (D:3)
  4 bullfrogs
  A gnoll sergeant (D:9)
  A water moccasin zombie (D:5)
  11 killer bees
  13 wights
  3 howler monkeys (D:8)
  5 centaur zombies
  A bullfrog zombie (D:6)
  A jelly (D:6)
  4 orc priests
  A hound (D:5)
  A gnoll shaman (D:9)
  3 iguanas
  11 orc wizards
  A killer bee zombie (D:6)
  A hound skeleton (D:4)
  2 howler monkey zombies
  20 gnolls
  12 adders
  2 shadow imps (D:7)
  An ufetubus (D:6)
  2 adder skeletons (D:4)
  4 worms
  5 dart slugs
  38 orcs
  7 ball pythons
  6 bats
  11 endoplasms
  3 giant cockroaches
  7 goblins
  7 hobgoblins
  4 jackals (D:4)
  6 quokkas
  3 frilled lizards
  29 kobolds
  A quokka skeleton (D:4)
  13 rats
325 creatures vanquished.

Vanquished Creatures (others)
  3 fungi
3 creatures vanquished.

Grand Total: 328 creatures vanquished

Notes
Turn   | Place    | Note
-------+----------+-------------------------------------------
     0 | Abyss:1  | freelancePsychic the Palentonga Abyssal Knight began the
                  | quest for the Orb.
     0 | Abyss:1  | Reached XP level 1. HP: 19/19 MP: 2/2
    11 | D:1      | Escaped the Abyss
   118 | D:1      | Reached XP level 2. HP: 23/25 MP: 3/3
   192 | D:1      | Reached ** piety under Lugonu
   438 | D:1      | Found a faded altar of an unknown god.
   837 | D:1      | Reached XP level 3. HP: 31/31 MP: 5/5
  1053 | D:2      | Found a burning altar of Makhleb.
  1675 | D:2      | Found Wyilytu's Magic Scroll Shoppe.
  1927 | D:2      | Reached skill level 3 in Axes
  2104 | D:3      | Reached XP level 4. HP: 28/37 MP: 6/6
  2462 | D:3      | Reached XP level 5. HP: 19/43 MP: 7/7
  2464 | D:3      | Reached *** piety under Lugonu
  2667 | D:3      | Reached skill level 4 in Axes
  3487 | D:3      | Found a broken altar of Ashenzari.
  3538 | D:3      | Found a sacrificial altar of Ru.
  3656 | D:3      | Reached XP level 6. HP: 43/50 MP: 9/9
  4002 | D:3      | Reached skill level 5 in Invocations
  4302 | D:3      | Found a sparkling altar of Nemelex Xobeh.
  5145 | D:4      | Found a staircase to the Ecumenical Temple.
  5451 | D:4      | Found Tegaob's General Store.
  5527 | D:4      | Reached **** piety under Lugonu
  5570 | D:4      | Gained mutation: You curl defensively after being hit.
                  | [Palentonga growth]
  5570 | D:4      | Reached XP level 7. HP: 25/55 MP: 9/11
  6119 | D:5      | Entered Level 5 of the Dungeon
  6358 | D:5      | Found a basalt altar of Yredelemnul.
  7510 | D:6      | Reached XP level 8. HP: 39/64 MP: 14/14
  8097 | D:6      | Noticed a kobold demonologist
  8100 | D:6      | Noticed a red devil
  8101 | D:6      | Banished a kobold demonologist
  8102 | D:6      | Reached skill level 5 in Fighting
  8102 | D:6      | Reached skill level 5 in Axes
  9530 | D:7      | Reached skill level 6 in Axes
 10168 | D:5      | Found a basalt altar of Yredelemnul.
 10427 | D:4      | Found a staircase to the Ecumenical Temple.
 10962 | D:4      | Found Tegaob's General Store.
 11390 | D:7      | Reached XP level 9. HP: 73/74 MP: 15/15
 11391 | D:7      | Found a shimmering blue altar of Sif Muna.
 11467 | D:7      | Reached skill level 7 in Axes
 11957 | D:8      | Found a staircase to the Lair.
 11962 | D:8      | Noticed an elephant
 12038 | D:8      | Banished an elephant
 12039 | D:8      | Reached skill level 8 in Axes
 12395 | D:8      | Noticed a two-headed ogre
 12410 | D:8      | Killed a two-headed ogre
 12411 | D:8      | Reached skill level 9 in Axes
 12411 | D:8      | Reached XP level 10. HP: 53/87 MP: 16/16
 14561 | D:9      | Noticed Joseph
 14625 | D:9      | Killed Joseph
 14626 | D:9      | Reached skill level 10 in Axes
 14710 | D:9      | Found Jujoo's Magic Scroll Shop.
 14996 | D:10     | Entered Level 10 of the Dungeon
 15298 | D:10     | Reached skill level 10 in Invocations
 15778 | D:11     | Reached skill level 11 in Axes
 15827 | D:11     | Noticed Maurice
 15828 | D:11     | Reached XP level 11. HP: 88/96 MP: 18/18
 15835 | D:11     | Killed Maurice
 15959 | D:11     | Reached skill level 10 in Fighting
 15985 | D:11     | Noticed a two-headed ogre
 16085 | D:11     | Killed a two-headed ogre
 16148 | D:11     | Noticed a boulder beetle
 16156 | D:11     | Banished a boulder beetle
 16361 | D:11     | Noticed a two-headed ogre
 16364 | D:11     | Killed a two-headed ogre
 16365 | D:11     | Reached skill level 12 in Axes
 16560 | D:12     | Noticed Snorg
 16675 | Lair:1   | Entered Level 1 of the Lair of Beasts
 16852 | Lair:1   | Found the +8 whip "Snakebite" {curare, rPois}
 17193 | Lair:1   | Noticed a four-headed hydra
 17209 | Lair:1   | Banished a four-headed hydra
 17210 | Lair:1   | Reached XP level 12. HP: 96/105 MP: 14/19
 17244 | Lair:1   | Noticed Urug
 17252 | Lair:1   | Killed Urug
 17353 | Lair:1   | Reached skill level 13 in Axes
 17665 | Lair:2   | Reached skill level 5 in Armour
 17898 | D:9      | Bought a scroll of acquirement for 780 gold pieces
 17898 | D:9      | Acquired a +2 barding of stealth
 17996 | Lair:2   | Noticed a catoblepas
 18209 | Lair:2   | Found a staircase to the Swamp.
 18218 | Lair:2   | Mangled by a bog body

Illustrated notes

Levels and vault maps discovered:
D:1:      onia_arrival_handbag, layout_loops_corners,
          shapermc_ecumenical_altar_mp_highgroup, kennysheep_nondescript
D:2:      layout_basic, basic_altar, serial_shops, shop,
          hangedman_abyss_or_decor_stabs
D:3:      minmay_goblin_kobold_castle, layout_basic, old_standard_altar,
          minitemple, serial_curves, eino_curves_03, eino_curves_01
D:4:      layout_cave_pods, minmay_temple_entry_sparse_star, serial_shops, shop
D:5:      layout_loops_ring, lemuel_round_altar, st_stairs_3
D:6:      layout_loops_ring, hangedman_abyss_or_decor_lesser_grid
D:7:      layout_loops_ring, kennysheep_orc_sif_temple
D:8:      layout_cave_pods, david_lair_generic
D:9:      layout_irregular_city, serial_shops, shop, uniq_joseph
D:10:     layout_basic
D:11:     layout_roguey, serial_glass, glass_columns_a, glass_columns_a,
          glass_columns_c, glass_columns_c, glass_columns_c, glass_columns_b,
          uniq_maurice
D:12:     minmay_stone_box, layout_basic, david_orc_4,
          nicolae_trove_entry_path_of_doom, uniq_snorg
Lair:1:   minmay_guarded_unrand_snakebite, layout_long_grid,
          infiniplex_staircase_pool, lemuel_fruit_tree, uniq_urug
Lair:2:   layout_misc_corridors, skrybe_swamp_entry_bodies

Skill      XL: |  1  2  3  4  5  6  7  8  9 10 11 12 |
---------------+-------------------------------------+-----
Invocations    | 3 4 6 8 9 10 | 10.0
Axes           | 3 4 6 9 11 12 13 | 13.6
Fighting       | 4 6 8 9 10 11 | 11.4
Armour         | 2 4 5 |  5.5
Dodging        | |  0.7

Action                   |  1- 3 |  4- 6 |  7- 9 | 10-12 || total
-------------------------+-------+-------+-------+-------++-------
Melee: Hand axe          |   111 |   220 |   183 |   143 ||   657
       Tailslap          |     8 |    27 |    33 |    47 ||   115
       Battleaxe         |       |       |    65 |   151 ||   216
       Whip              |       |       |       |   127 ||   127
Invok: Bend Space        |       |     2 |    11 |    12 ||    25
       Banish            |       |       |     9 |     7 ||    16
 Abil: Rolling Charge    |    14 |    23 |    36 |    63 ||   136
  Use: Scroll            |     4 |     4 |     9 |     9 ||    26
       Potion            |       |       |     2 |     2 ||     4
Armor: Leather armour    |    49 |    67 |    86 |    20 ||   222
       Troll leather arm |       |       |       |   125 ||   125
Dodge: Dodged            |    54 |   102 |   109 |   152 ||   417
Block: Buckler           |    10 |       |       |       ||    10
       Other             |       |       |       |    98 ||    98
       Reflection        |       |       |       |     3 ||     3

Table legend: (Time is in decaauts)
 A = Elapsed time spent in this place.
 B = Non-inter-level travel time spent in this place.
 C = Inter-level travel time spent in this place.
 D = Time resting spent in this place.
 E = Time spent auto-exploring this place.
 F = Levels seen in this place.
 G = Mean time per level.
                   A        B        C        D        E       F      G
               +--------+--------+--------+--------+--------+-----+--------+
         Total |  18270 |  17390 |    880 |   3045 |  11913 |  15 | 1218.0 |
       Dungeon |  16849 |  16162 |    687 |   3018 |  11035 |  12 | 1404.1 |
          Lair |   1410 |   1217 |    193 |     27 |    873 |   2 |  705.0 |
         Abyss |     11 |     11 |      0 |      0 |      4 |   1 |   11.0 |
               +--------+--------+--------+--------+--------+-----+--------+

Top non-repeatable levels by time:
     D:3: 2090 daAuts
     D:6: 2072 daAuts
     D:4: 1989 daAuts
     D:9: 1793 daAuts
     D:2: 1776 daAuts
     D:8: 1717 daAuts
     D:5: 1556 daAuts
     D:7: 1203 daAuts
  Lair:1: 1131 daAuts
     D:1: 1033 daAuts
    D:10: 841 daAuts
    D:11: 772 daAuts
  Lair:2: 279 daAuts
 Abyss:1: 11 daAuts
    D:12: 1 daAuts
